 Dungeon Crawl Stone Soup version 0.24-a0-586-g8e0e932a4c (webtiles) character file.

Game seed: 16489906939008517639, levelgen mode: deterministic

120400 E1999 the Severer (level 16, 0/87 HPs)
             Began as a Gargoyle Fighter on Sept 8, 2019.
             Was the Champion of Hepliaklqana.
             Slain by a merfolk
             ... wielding a +0 trident
              (5 damage)
             ... on level 3 of the Shoals.
             The game lasted 02:04:21 (21862 turns).

E1999 the Severer (Gargoyle Fighter)               Turns: 21862, Time: 02:04:22

Health: 0/87       AC: 37    Str: 24    XL:     16   Next: 82%
Magic:  14/16      EV: 13    Int: 10    God:    Hepliaklqana [******]
Gold:   484        SH:  5    Dex: 12    Spells: 12/15 levels left

rFire    + . .     SeeInvis +   X - +3 executioner's axe (flame)
rCold    . . .     Gourm    .   (shield currently unavailable)
rNeg     + . .     Faith    .   J - +4 scale mail "Zequorid" {rElec Regen+}
rPois    ∞         Spirit   .   k - +1 helmet {SInv}
rElec    +         Reflect  +   o - +2 cloak {MR+}
rCorr    .         Harm     .   t - +1 pair of gloves
MR       ++...     Clarity  +   Z - +1 pair of boots {run}
Stlth    ..........             j - +5 amulet of reflection
HPRegen  0.64/turn              R - ring of protection from fire
MPRegen  0.15/turn              x - +3 ring of strength

@: about to teleport, barbed spikes, flying, quick
A: reduced essence, big wings, clarity, clumsy 1, negative energy resistance 1,
electricity resistance, unbreathing, petrification resistance, rot immunity, AC
+12
a: Stop Flying, Recall Ancestor, Ancestor Identity, Transference, Idealise,
Renounce Religion


You were on level 3 of the Shoals.
You worshipped Hepliaklqana.
Hepliaklqana was exalted by your worship.
You were not hungry.

You visited 6 branches of the dungeon, and saw 27 of its levels.
You also visited: Gauntlet, Ice Cave and Wizlab.

You collected 2866 gold pieces.
You spent 2382 gold pieces at shops.

Inventory:

Hand Weapons
 a - a +3 vampiric broad axe
 i - a +4 bardiche of chopping
 n - the +10 fustibalus of Fear {freeze, MR+ Str+2 Int-4}
   (You bought it in a shop on level 10 of the Dungeon)

   It causes projectiles fired from it to freeze those they strike, causing
   extra injury to most foes and up to half again as much damage against
   particularly susceptible opponents.
   They can also slow down cold-blooded creatures.
   It affects your strength (+2).
   It affects your intelligence (-4).
   It affects your resistance to hostile enchantments.
 N - a +1 demon trident of venom
 X - a +3 executioner's axe of flaming (weapon)
Missiles
 d - 16 curare-tipped darts (quivered)
Armour
 k - a +1 helmet of see invisible (worn)
 o - a +2 cloak of magic resistance (worn)
 t - a +1 pair of gloves (worn)
 w - a scarf of cloud immunity
 H - a +3 chain mail of fire resistance
 J - the +4 scale mail "Zequorid" (worn) {rElec Regen+}
   (You found it in an ice cave)

   It insulates you from electricity.
   It increases your rate of regeneration.
 Q - a +1 cloak
 S - a +0 large shield
 Z - a +1 pair of boots of running (worn)
Magical Staves
 P - an uncursed staff of wizardry
Jewellery
 j - a +5 amulet of reflection (around neck)
 s - an uncursed amulet of magic regeneration
 u - an uncursed amulet of regeneration
 v - an uncursed amulet of guardian spirit
 x - a +3 ring of strength (right hand)
 y - an uncursed ring of protection from cold
 F - an uncursed ring of positive energy
 O - an uncursed ring of resist corrosion
 R - a ring of protection from fire (left hand)
Wands
 c - a wand of iceblast (37)
 m - a wand of disintegration (18)
 q - a wand of random effects (37)
 C - a wand of flame (60)
 D - a wand of paralysis (8)
 I - a wand of polymorph (19)
 K - a wand of digging (5)
 U - a wand of enslavement (6)
Scrolls
 e - 5 scrolls of immolation
 h - 2 scrolls of noise
 p - 9 scrolls of teleportation
 E - 4 scrolls of identify
 L - 2 scrolls of brand weapon
 M - 11 scrolls of remove curse
 V - a scroll of torment
 W - 2 scrolls of vulnerability
 Y - 3 scrolls of amnesia
Potions
 b - 2 potions of degeneration
 g - 16 potions of mutation
 l - a potion of haste
 r - 6 potions of lignification
 B - 2 potions of ambrosia
Miscellaneous
 z - a lightning rod (4/4)
Comestibles
 f - 18 rations


   Skills:
 - Level 10.1 Fighting
 * Level 18.2(18.7) Axes
 - Level 8.1(14.3) Polearms
 - Level 14.0 Armour
 - Level 6.5 Dodging
 - Level 5.6 Shields
 - Level 7.2 Translocations


You had 12 spell levels left.
You knew the following spells:

 Your Spells              Type           Power        Failure   Level  Hunger
a - Corona                Hex            #......      58%         1    ##.....
b - Blink                 Tloc           N/A          5%          2    ###....

Your spell library contained the following spells:

 Spells                   Type           Power        Failure   Level  Hunger
 Portal Projectile        Hex/Tloc       #.....       45%         3    ####...
 Beastly Appendage        Tmut           #.....       58%         1    ##.....
 Flame Tongue             Conj/Fire      #....        58%         1    ##.....
 Magic Dart               Conj           #...         58%         1    ##.....
 Summon Small Mammal      Summ           #...         58%         1    ##.....
 Call Imp                 Summ           #.......     73%         2    ###....
 Searing Ray              Conj           #.....       73%         2    ###....
 Slow                     Hex            #.......     73%         2    ###....
 Sticks to Snakes         Tmut           #.......     73%         2    ###....
 Throw Flame              Conj/Fire      #.....       73%         2    ###....
 Force Lance              Conj/Tloc      #.......     86%         4    #####..
 Call Canine Familiar     Summ           #.......     91%         3    ####...
 Conjure Flame            Conj/Fire      #.......     91%         3    ####...
 Dazzling Spray           Conj/Hex       #.....       91%         3    ####...
 Inner Flame              Hex/Fire       #.......     91%         3    ####...
 Mephitic Cloud           Conj/Pois/Air  #.......     91%         3    ####...
 Spider Form              Tmut/Pois      #.........   91%         3    ####...
 Static Discharge         Conj/Air       #.......     91%         3    ####...
 Summon Guardian Golem    Hex/Summ       #.......     91%         3    ####...
 Cause Fear               Hex            #.........   100%        4    #####..
 Fulminant Prism          Conj/Hex       #.........   100%        4    #####..
 Ice Form                 Ice/Tmut       #.......     100%        4    #####..
 Iskenderun's Mystic Bla  Conj           #.......     100%        4    #####..
 Leda's Liquefaction      Hex/Erth       #.........   100%        4    #####..
 Sticky Flame             Conj/Fire      #.......     100%        4    #####..
 Summon Ice Beast         Ice/Summ       #.......     100%        4    #####..
 Summon Lightning Spire   Summ/Air       #.......     100%        4    #####..
 Blade Hands              Tmut           #.........   100%        5    ######.
 Fireball                 Conj/Fire      #.........   100%        5    ######.
 Lightning Bolt           Conj/Air       #.........   100%        5    ######.
 Ignition                 Fire           #.........   100%        8    #######
 Shatter                  Erth           #.........   100%        9    #######
 Tornado                  Air            #.........   100%        9    #######


Dungeon Overview and Level Annotations

Branches:
Dungeon (14/15)            Temple (1/1) D:5            Lair (6/6) D:8
 Shoals (3/4) Lair:4        Snake (0/4) Lair:2        Slime (0/5) Lair:5
    Orc (2/2) D:12            Elf (1/3) Orc:2        Vaults (0/5) D:14
  IceCv (visited)          WizLab (visited)         Gauntlet (visited)

Altars:
Cheibriados
Elyvilon
Fedhas
Gozag
Hepliaklqana
Kikubaaqudgha
Makhleb
Nemelex Xobeh
Ru
Trog
Uskayaw
Wu Jian
Yredelemnul
Beogh
Jiyva

Shops:
D:4 [!   D:5 ?   D:10 (*?(   D:13 [:   Orc:1 *}%[!   Orc:2 }(?=

Annotations:
Lair:1 3 runed translucent doors, exclusion: oklob plant, bmj180's ghost, journeyman HOFi
Lair:4 2 transporters, Nilosor's ghost, journeyman DrAE
Lair:5 exclusion: oklob plant


Innate Abilities, Weirdness & Mutations

You are resistant to torment.
Your stone body is resilient. (AC +12)
You are immune to poison.
Your large and strong wings let you fly indefinitely.
You resist negative energy. (rN+)
You are resistant to electric shocks. (rElec)
You can survive without breathing.
You are immune to petrification.
You are immune to rotting.
Your life essence is reduced to manifest your ancestor. (-10% HP)
You possess an exceptional clarity of mind.
You are clumsy. (Dex -2)


Message History

The merfolk siren hits you but does no damage.
The water nymph casts a spell at you. The water rises up and strikes you!
You hit the water nymph. You burn the water nymph.
The water nymph is almost dead.
The manticore flicks its tail.
The volley of spikes misses you.
The volley of spikes hits the water nymph!!
The water nymph dies!
The merfolk hits you but does no damage.
The merfolk siren chants a haunting song.
You are unaffected.
You slice the manticore!! You burn the manticore.
The manticore is almost dead.
The manticore bites you but does no damage.
The manticore claws you but does no damage.
The manticore claws you.
* * * LOW HITPOINT WARNING * * *
The merfolk hits you from afar with a +0 trident.
You die... #.PP≈ P...≈ ≈≈≈≈≈. ###P≈≈.###....≈≈ ≈≈≈≈.P. #PP.≈.....?P..≈≈≈ ≈≈≈... #P...H......≈≈≈≈ m mm...

#.P...≈≈..≈≈≈≈≈≈
..##§.###
...§§§.§.≈≈≈≈≈≈
≈....§..###
#§§§§§≈≈≈≈≈≈≈
≈≈.....mP.##
#§§@§§≈≈≈≈≈≈≈
#.§....###m§§H§..≈≈≈≈≈
#.........m§m§§...≈≈≈≈
.
##.#####..m§§§§≈≈..≈≈≈≈
..##..##
#.§§§§H§...≈≈≈≈≈
.......##
##§§§§§§..≈≈..≈≈
≈...)...#
###§§§§≈≈≈...≈≈
≈≈≈≈....# ##§§§≈...≈≈≈≈
≈≈≈≈..<.# ......≈≈≈≈≈


You could see 2 merfolk, a manticore and a merfolk siren.

Vanquished Creatures
  Gastronok (D:9)
  2 orc warlords (Orc:1)
  A minotaur (Gauntlet)
  Snorg (Lair:5)
  An ettin (Orc:2)
  A green death (Gauntlet)
  A hydra (Lair:5)
  2 merfolk avatars
  An ice dragon (Lair:5)
  Erolcha (Orc:2)
  A centaur warrior (D:13)
  An alligator snapping turtle (Shoals:2)
  3 merfolk aquamancers
  2 ogre magi (Orc:2)
  A dancing weapon (Elf:1)
  A queen ant (Lair:2)
  Urug (Orc:1)
  11 two-headed ogres
  2 orc high priests
  A deep elf knight (Orc:1)
  A skeletal warrior (D:13)
  An unseen horror (D:13)
  A sixfirhy (Gauntlet)
  2 deep trolls (Orc:1)
  A phantasmal warrior (D:13)
  An orc knight (Orc:1)
  A sea snake (Shoals:1)
  9 harpies
  A necromancer (D:14)
  An oklob plant (Gauntlet)
  2 orc sorcerers
  3 manticores
  6 ugly things
  3 fauns
  3 merfolk sirens
  An elephant (Lair:6)
  Maurice (D:8)
  A cyclops (Orc:1)
  A centaur zombie (D:13)
  An orange demon (Gauntlet)
  2 black mambas (Lair:6)
  2 water nymphs (Shoals:2)
  Joseph (D:10)
  A torpor snail (Lair:4)
  Psyche (D:9)
  An ice statue (IceCv)
  A large abomination (WizLab)
  A spiny frog (shapeshifter) (WizLab)
  5 spiny frogs
  4 komodo dragons (Lair:6)
  A rime drake (Lair:6)
  A kobold demonologist (D:13)
  15 merfolk
  5 trolls
  A wind drake (Shoals:2)
  4 polar bears
  Prince Ribbit (D:9)
  4 blink frogs
  5 hippogriffs
  4 dream sheep
  4 snapping turtles
  An air elemental (Elf:1)
  A spriggan (shapeshifter) (WizLab)
  7 water elementals
  3 wraiths (Lair:5)
  13 yaks
  2 wyverns
  2 vampires
  Eustachio (D:6)
  2 fire elementals (Lair:2)
  A fire bat (Lair:2)
  A hungry ghost (D:10)
  A basilisk (Lair:6)
  4 vampire mosquitoes (D:14)
  Edmund (D:5)
  13 soldier ants
  2 acid dragons
  A warg (Orc:1)
  A porcupine (Lair:3)
  22 orc warriors
  2 black bears
  9 water moccasins
  A phantom (D:9)
  5 sky beasts
  5 ice beasts
  21 ogres
  4 necrophages
  8 wolves
  3 centaurs
  10 crocodiles
  5 big kobolds
  7 bullfrogs
  5 gnoll sergeants (D:12)
  2 wyvern skeletons
  2 scorpions (D:7)
  12 killer bees
  3 electric eels
  A battlemage (Lair:5)
  4 howler monkeys
  3 crimson imps
  A bullfrog zombie (D:13)
  10 hounds
  A bullfrog skeleton (D:13)
  3 jellies
  4 centaur skeletons
  9 orc priests
  3 iguanas
  25 orc wizards
  Jessica (D:2)
  Terence (D:2)
  28 worker ants
  4 small abominations (WizLab)
  The ghost of paps the Skirmisher, a weakling DsFi (D:3)
  10 gnolls
  12 adders
  A howler monkey skeleton (D:6)
  A shadow imp (D:8)
  2 ufetubi (Gauntlet)
  3 oozes
  An adder zombie (D:5)
  2 worms
  5 dart slugs
  6 leopard geckos
  59 orcs
  8 bats
  18 giant cockroaches
  7 goblins
  5 hobgoblins
  8 jackals
  7 quokkas
  3 ball pythons
  4 frilled lizards
  21 kobolds
  2 quokka skeletons
  9 rats
  2 fungi (Lair:6)
  A plant (Lair:6)
620 creatures vanquished.

Vanquished Creatures (collateral kills)
  A mutant beast (WizLab)
  A very ugly thing (WizLab)
  A merfolk javelineer (Shoals:1)
  3 merfolk impalers
  2 hydras
  A catoblepas (Lair:5)
  A death knight (D:13)
  2 alligator snapping turtles (Shoals:2)
  A merfolk avatar (Shoals:1)
  A two-headed ogre (Orc:2)
  A merfolk aquamancer (Shoals:1)
  2 orc high priests (Orc:2)
  Sonja (D:11)
  A large abomination (WizLab)
  An iron golem (WizLab)
  2 sea snakes
  13 harpies
  2 cyclopes
  An orc sorcerer (Orc:2)
  4 ugly things
  3 fauns (Shoals:1)
  4 manticores
  A deep elf mage (D:14)
  2 merfolk sirens
  A water nymph (Shoals:1)
  4 elephants
  2 spiny frogs
  A kobold demonologist (D:13)
  A rime drake (Lair:6)
  A freezing wraith (D:13)
  2 komodo dragons
  10 merfolk
  2 hornets (Lair:6)
  5 trolls
  5 hippogriffs
  6 blink frogs
  2 snapping turtles
  2 dream sheep
  A water elemental (Shoals:1)
  4 fire bats (Lair:2)
  3 wyverns
  A vampire (D:13)
  A hungry ghost (D:13)
  A basilisk (Lair:4)
  An acid dragon (Gauntlet)
  2 water moccasins
  2 porcupines
  6 orc warriors
  6 ice beasts
  3 sky beasts
  A black bear (D:9)
  2 wolves
  9 ogres
  A centaur (D:10)
  A tengu (shapeshifter) (WizLab)
  2 small abominations (WizLab)
  A crocodile (Lair:1)
  2 big kobolds
  2 bullfrogs
  14 killer bees
  2 electric eels
  A centaur zombie (D:12)
  3 lava snakes (Lair:2)
  2 crimson imps
  2 hounds
  An orc priest (Orc:2)
  A jelly (D:7)
  2 bullfrog skeletons
  7 orc wizards
  3 iguanas
  15 worker ants
  An adder (D:5)
  An ufetubus (Gauntlet)
  An adder zombie (D:6)
  2 leopard geckos (D:7)
  17 orcs
  3 jackals
  5 kobolds
  4 plants
235 creatures vanquished.

Vanquished Creatures (others)
  Josephine (Lair:5)
  A water nymph (Shoals:3)
  An orange demon (Gauntlet)
  A wraith (Lair:5)
  A porcupine (Lair:5)
  24 battlemagi
  An ancestor (D:6)
  4 fungi
  7 plants (Lair:6)
41 creatures vanquished.

Grand Total: 896 creatures vanquished

Notes
Turn   | Place    | Note
-------+----------+-------------------------------------------
     0 | D:1      | E1999 the Gargoyle Fighter began the quest for the Orb.
     0 | D:1      | Reached XP level 1. HP: 14/14 MP: 1/1
    14 | D:1      | Reached skill level 2 in Axes
    57 | D:1      | Reached XP level 2. HP: 19/19 MP: 2/2
   191 | D:1      | Reached skill level 3 in Axes
   198 | D:1      | Reached XP level 3. HP: 23/23 MP: 3/3
   822 | D:2      | Reached XP level 4. HP: 27/28 MP: 4/4
   978 | D:2      | Reached skill level 4 in Axes
  1028 | D:2      | Noticed Jessica
  1041 | D:2      | Killed Jessica
  1199 | D:2      | Noticed Terence
  1221 | D:2      | Killed Terence
  1221 | D:2      | Reached XP level 5. HP: 16/32 MP: 5/5
  1620 | D:3      | Reached skill level 5 in Axes
  1788 | D:3      | Reached XP level 6. HP: 31/37 MP: 6/6
  2231 | D:3      | Found a runed translucent door.
  2232 | D:3      | Noticed paps's ghost (weakling DsFi)
  2246 | D:3      | Killed paps's ghost
  2276 | D:4      | Found Tuaxzyd's Armour Emporium.
  2418 | D:4      | Reached skill level 6 in Axes
  2599 | D:4      | Found a blossoming altar of Fedhas.
  2599 | D:4      | Found a hazy altar of Hepliaklqana.
  2609 | D:4      | Reached XP level 7. HP: 40/41 MP: 7/7
  2617 | D:4      | Became a worshipper of Hepliaklqana the Forgotten
  2857 | D:4      | Found Gerahoc's Distillery.
  3057 | D:5      | Entered Level 5 of the Dungeon
  3094 | D:5      | Reached skill level 7 in Axes
  3249 | D:5      | Reached skill level 8 in Axes
  3251 | D:5      | Found Umurch's Magic Scroll Shop.
  3256 | D:5      | Got a crystal trident
  3263 | D:5      | Identified the +2 trident "Duytonana" {protect, MR+ Int+3}
                  | (You found it on level 5 of the Dungeon)
  3280 | D:5      | Reached skill level 1 in Polearms
  3280 | D:5      | Reached XP level 8. HP: 26/41 MP: 8/8
  3332 | D:5      | Reached skill level 2 in Polearms
  3358 | D:5      | Noticed Edmund
  3391 | D:5      | Killed Edmund
  3391 | D:5      | Reached skill level 3 in Polearms
  3413 | D:5      | Found a staircase to the Ecumenical Temple.
  3418 | Temple   | Entered the Ecumenical Temple
  3589 | D:6      | Reached skill level 4 in Polearms
  3696 | D:6      | Reached * piety under Hepliaklqana
  3720 | D:6      | Reached skill level 5 in Polearms
  3798 | D:6      | Reached skill level 6 in Polearms
  3836 | D:6      | Reached XP level 9. HP: 43/45 MP: 9/9
  3867 | D:6      | Reached skill level 7 in Polearms
  3950 | D:6      | Found an opulent altar of Gozag.
  3957 | D:6      | Found a basalt altar of Yredelemnul.
  3957 | D:6      | Found an ancient bone altar of Kikubaaqudgha.
  3977 | D:6      | Noticed Eustachio
  4007 | D:6      | Killed Eustachio
  4007 | D:6      | Reached skill level 4 in Shields
  4122 | D:6      | Noticed a two-headed ogre
  4132 | D:6      | Killed a two-headed ogre
  4132 | D:6      | Reached skill level 8 in Polearms
  4132 | D:6      | Reached skill level 5 in Shields
  4134 | D:6      | Found an ornate altar of the Wu Jian Council.
  4347 | D:4      | Bought a +3 scale mail of fire resistance for 286 gold
                  | pieces
  4416 | D:5      | Bought a scroll of teleportation for 36 gold pieces
  4532 | D:7      | Reached skill level 4 in Fighting
  4677 | D:7      | Reached skill level 5 in Fighting
  4719 | D:7      | Reached ** piety under Hepliaklqana
  4720 | D:7      | Remembered your ancestor Eating Poops as a battlemage
  4812 | D:7      | Reached XP level 10. HP: 54/54 MP: 10/10
  4933 | D:7      | Reached skill level 6 in Fighting
  5192 | D:9      | Noticed Psyche
  5195 | D:8      | Reached skill level 7 in Fighting
  5368 | D:8      | Noticed a two-headed ogre
  5387 | D:8      | Reached skill level 8 in Fighting
  5404 | D:8      | Killed a two-headed ogre
  5404 | D:8      | Reached skill level 9 in Fighting
  5502 | D:8      | Found a staircase to the Lair.
  5524 | D:8      | Noticed Maurice
  5535 | D:8      | Killed Maurice
  5706 | Lair:1   | Entered Level 1 of the Lair of Beasts
  5743 | Lair:1   | Reached skill level 10 in Fighting
  5816 | Lair:1   | Reached skill level 4 in Armour
  5862 | Lair:1   | Noticed an oklob plant
  5892 | Lair:1   | Noticed bmj180's ghost (journeyman HOFi)
  5892 | Lair:1   | Noticed a black mamba
  5893 | Lair:1   | Noticed a spiny frog
  5898 | Lair:1   | Found a runed translucent gate.
  5898 | Lair:1   | Found a runed translucent gate.
  5898 | Lair:1   | Found a runed translucent gate.
  5913 | Lair:1   | Reached skill level 5 in Armour
  5920 | Lair:1   | Killed a spiny frog
  5920 | Lair:1   | Reached skill level 6 in Armour
  5920 | Lair:1   | Reached XP level 11. HP: 44/64 MP: 11/11
  6032 | Lair:2   | Reached skill level 7 in Armour
  6074 | Lair:2   | Noticed a queen ant
  6125 | Lair:2   | Killed a queen ant
  6125 | Lair:2   | Reached skill level 8 in Armour
  6195 | Lair:2   | Reached skill level 9 in Armour
  6399 | Lair:2   | Reached skill level 10 in Armour
  6477 | Lair:2   | Reached *** piety under Hepliaklqana
  6659 | Lair:2   | Found a staircase to the Snake Pit.
  7126 | Lair:3   | Reached skill level 11 in Armour
  7265 | Lair:3   | Reached **** piety under Hepliaklqana
  7265 | Lair:3   | Noticed a seven-headed hydra
  7273 | Lair:3   | Killed a seven-headed hydra
  8107 | Lair:4   | Reached XP level 12. HP: 58/69 MP: 12/12
  8136 | Lair:4   | Reached skill level 12 in Armour
  8195 | Lair:4   | Noticed Nilosor's ghost (journeyman DrAE)
  8195 | Lair:4   | Identified the cursed +1 trident of Welfare {holy, rPois
                  | MR+ Dex+4 Stlth+}
  8195 | Lair:4   | Noticed a spriggan rider
  8196 | Lair:4   | Identified the +3 spear "Demonslayer" {venom, MR+ Stlth+}
  8196 | Lair:4   | Noticed a spriggan rider
  8308 | Lair:4   | Found a transporter.
  8319 | Lair:4   | Found a bloodstained altar of Trog.
  8325 | Lair:4   | Found a transporter.
  8393 | Lair:4   | Reached skill level 13 in Armour
  8811 | Lair:4   | Found a staircase to the Shoals.
  8831 | Shoals:1 | Entered Level 1 of the Shoals
  9031 | Lair:5   | Noticed a catoblepas
  9037 | Lair:5   | Killed a catoblepas
  9165 | Lair:5   | Reached skill level 14 in Armour
  9176 | Lair:5   | Noticed Josephine
  9183 | Lair:5   | Killed Josephine
  9196 | Lair:5   | Reached skill level 1 in Dodging
  9337 | Lair:5   | Noticed Snorg
  9342 | Lair:5   | Reached skill level 2 in Dodging
  9343 | Lair:5   | Noticed a six-headed hydra
  9359 | Lair:5   | Killed a seven-headed hydra
  9361 | Lair:5   | Killed Snorg
  9361 | Lair:5   | Reached skill level 3 in Dodging
  9364 | Lair:5   | Reached skill level 4 in Dodging
  9456 | Lair:5   | Found a frozen archway.
  9457 | Lair:5   | Noticed an ice dragon
  9485 | Lair:5   | Killed an ice dragon
  9485 | Lair:5   | Reached skill level 5 in Dodging
  9485 | Lair:5   | Reached XP level 13. HP: 62/73 MP: 13/13
  9494 | IceCv    | Entered an ice cave
  9533 | IceCv    | Reached skill level 6 in Dodging
  9590 | IceCv    | HP: 7/73 [ice statue/shard of ice (10)]
  9761 | IceCv    | Got a pitted scale mail
  9770 | IceCv    | Got a slimy scale mail
  9816 | Lair:5   | Identified the +1 scale mail of Perpetual Drought {Dex+5
                  | Slay-2} (You found it in an ice cave)
  9826 | Lair:5   | Identified the +4 scale mail "Zequorid" {rElec Regen+} (You
                  | found it in an ice cave)
  9861 | Lair:5   | Found a viscous altar of Jiyva.
  9861 | Lair:5   | Found a staircase to the Slime Pits.
 10228 | Lair:6   | Entered Level 6 of the Lair of Beasts
 10286 | Lair:6   | Reached ***** piety under Hepliaklqana
 10320 | Lair:6   | Identified a scroll of acquirement
 10400 | Lair:6   | Reached skill level 9 in Axes
 10410 | Lair:6   | Got a scorched leather armour
 10421 | Lair:6   | Identified the +1 leather armour of Honour {rPois Int+3}
                  | (You found it on level 6 of the Lair of Beasts)
 10670 | Lair:6   | Reached skill level 10 in Axes
 10793 | Lair:6   | Learned a level 1 spell: Corona
 11296 | D:9      | Reached skill level 11 in Axes
 11462 | D:9      | Found a burning altar of Makhleb.
 11476 | D:9      | Found a blossoming altar of Fedhas.
 11755 | D:9      | Noticed Prince Ribbit
 11771 | D:9      | Killed Prince Ribbit
 11959 | D:9      | Noticed Gastronok
 11969 | D:9      | Killed Gastronok
 12082 | D:9      | Killed Psyche
 12223 | D:10     | Entered Level 10 of the Dungeon
 12279 | D:10     | Found Luosiurph's General Store.
 12282 | D:10     | Bought a potion of heal wounds for 75 gold pieces
 12282 | D:10     | Bought 2 potions of heal wounds for 150 gold pieces
 12516 | D:10     | Found Sucroisonu's Weapon Shoppe.
 12618 | D:10     | Found Rezuokh's Magic Scroll Shop.
 12624 | D:10     | Bought a scroll of silence for 90 gold pieces
 12624 | D:10     | Bought a scroll of identify for 24 gold pieces
 12624 | D:10     | Bought a scroll of identify for 24 gold pieces
 12624 | D:10     | Bought a scroll of identify for 24 gold pieces
 12634 | D:10     | Gained mutation: You are clumsy. (Dex -2) [potion of
                  | mutation]
 12634 | D:10     | Gained mutation: You possess an exceptional clarity of
                  | mind. [potion of mutation]
 12687 | D:10     | Noticed Joseph
 12695 | D:10     | Killed Joseph
 12695 | D:10     | Reached skill level 12 in Axes
 12695 | D:10     | Gained mutation: Your large and strong wings let you fly
                  | indefinitely. [Gargoyle growth]
 12695 | D:10     | Reached XP level 14. HP: 79/79 MP: 14/14
 12814 | D:10     | Found a white marble altar of Elyvilon.
 13166 | D:10     | Found Niogiu's Antique Weapon Boutique.
 13193 | D:10     | Bought a bloodstained fustibalus for 540 gold pieces
 13205 | D:10     | Identified the +10 fustibalus of Fear {freeze, MR+ Str+2
                  | Int-4} (You bought it in a shop on level 10 of the Dungeon)
 13671 | D:11     | Reached ****** piety under Hepliaklqana
 13943 | D:11     | Noticed Sonja
 13950 | D:11     | Killed Sonja
 14147 | D:12     | Found a gate leading to a gauntlet.
 14152 | Gauntlet | Entered a Gauntlet
 14152 | Gauntlet | Found a transporter.
 14152 | Gauntlet | Found a transporter.
 14156 | Gauntlet | Found a transporter.
 14156 | Gauntlet | Found a transporter.
 14163 | Gauntlet | Found a transporter.
 14251 | Gauntlet | Found a transporter.
 14265 | Gauntlet | Found a transporter.
 14320 | Gauntlet | Found a transporter.
 14333 | Gauntlet | Found a transporter.
 14341 | Gauntlet | Found a transporter.
 14359 | Gauntlet | Found a transporter.
 14371 | Gauntlet | Got a shimmering dagger
 14630 | D:12     | Found a staircase to the Orcish Mines.
 14635 | D:12     | Reached skill level 13 in Axes
 14821 | D:12     | Learned a level 2 spell: Blink
 14885 | D:12     | Identified the cursed +1 dagger of Fortitude {protect, rN+}
                  | (You found it in a Gauntlet)
 15246 | D:13     | Found a hide-covered altar of Uskayaw.
 15336 | D:13     | Reached skill level 1 in Translocations
 15381 | D:13     | Found Viorchimn's Antique Armour Boutique.
 15389 | D:13     | Bought a runed scarf for 224 gold pieces
 15538 | D:13     | Reached skill level 2 in Translocations
 15549 | D:13     | Found Jaalil's Book Shop.
 15802 | D:13     | Reached skill level 3 in Translocations
 16276 | D:14     | Reached skill level 4 in Translocations
 16433 | D:14     | Found a gate to the Vaults.
 17038 | Orc:1    | Entered Level 1 of the Orcish Mines
 17038 | Orc:1    | Found Fyusch's Food Shoppe.
 17126 | Orc:1    | Reached skill level 5 in Translocations
 17212 | Orc:1    | Noticed Urug
 17233 | Orc:1    | Killed Urug
 17372 | Orc:1    | Noticed an orc warlord
 17386 | Orc:1    | Noticed an orc warlord
 17402 | Orc:1    | Reached skill level 14 in Axes
 17518 | Orc:1    | Reached XP level 15. HP: 65/82 MP: 15/15
 17554 | Orc:1    | Killed an orc warlord
 17554 | Orc:1    | Reached skill level 6 in Translocations
 17656 | Orc:1    | Found Viheda's Gadget Boutique.
 17672 | Orc:2    | Entered Level 2 of the Orcish Mines
 17672 | Orc:2    | Found Cyigos's Magic Scroll Boutique.
 17672 | Orc:2    | Found Ocrovyru's Gadget Shop.
 17672 | Orc:2    | Found Binuij's Jewellery Shop.
 17682 | Orc:1    | Killed an orc warlord
 17709 | Orc:1    | Found Kinti's Distillery.
 17710 | Orc:1    | Found Nutis's Antique Armour Emporium.
 17749 | Orc:1    | Bought a shiny helmet for 187 gold pieces
 17749 | Orc:1    | Bought a pair of glowing boots for 187 gold pieces
 17793 | Orc:1    | Identified a +0 pair of boots of running (You bought it in
                  | a shop on level 1 of the Orcish Mines)
 17845 | Orc:1    | Found a roughly hewn altar of Beogh.
 17886 | Orc:1    | Found Iteqeuh's Assorted Antiques.
 18171 | Orc:1    | Reached skill level 7 in Translocations
 18284 | Orc:2    | Noticed Erolcha
 18622 | Orc:2    | Reached skill level 15 in Axes
 18671 | Orc:2    | Found a staircase to the Elven Halls.
 18713 | Orc:2    | Killed Erolcha
 18735 | Orc:2    | Found Utaozuad's Antique Weapon Emporium.
 18743 | Orc:2    | Bought a +5 amulet of reflection for 535 gold pieces
 18995 | Elf:1    | Entered Level 1 of the Elven Halls
 19017 | Elf:1    | Found a magical portal.
 19181 | WizLab   | Noticed Cigotuvi's Monster
 19207 | WizLab   | Killed Cigotuvi's Monster
 19209 | WizLab   | Reached skill level 16 in Axes
 19970 | Shoals:1 | Reached XP level 16. HP: 87/87 MP: 16/16
 20632 | Shoals:1 | Reached skill level 17 in Axes
 21260 | Shoals:2 | Reached skill level 18 in Axes
 21860 | Shoals:3 | HP: 5/87 [merfolk/+0 trident (10)]
 21862 | Shoals:3 | Slain by a merfolk

Levels and vault maps discovered:
D:1:      dpeg_arrival_long_road, layout_rooms, serial_bayou_pond_b, st_stairs_8
D:2:      minmay_roachtagon, layout_loops_cross, minmay_cut_off, uniq_terence,
          uniq_jessica
D:3:      layout_loops_ring, gammafunk_ghost_grave
D:4:      layout_loops_ring, gammafunk_temple_overflow_pools, serial_shops,
          nicolae_shop_crystal, shop_fountains, kennysheep_crisscross
D:5:      layout_rooms, temple_doors_e, serial_shops, shop, first_ration,
          uniq_edmund
D:6:      layout_gridville, grunt_temple_overflow_open, basic_altar,
          uniq_eustachio
D:7:      layout_basic, grunt_ogre_cave, minivault_14
D:8:      layout_rooms, dpeg_oklobed_lair, serial_bayou_pond_e, uniq_maurice
D:9:      layout_layer_cave, makhleb_heckhound_becter, fedhas_altar_1,
          uniq_psyche, uniq_prince_ribbit1, uniq_gastronok
D:10:     layout_basic, serial_shops, kennysheep_mini,
          nicolae_shop_competitors_out_of_business, nicolae_shop_trees, shop,
          elyvilon_altar_3, uniq_joseph
D:11:     layout_basic, nicolae_straight_to_the_point, uniq_sonja
D:12:     layout_irregular_city, kennysheep_orc_monster_closet_entryway,
          gauntlet_entry_generic
D:13:     layout_gridville, serial_shops, nicolae_shop_waterfront, shop,
          basic_altar, drop_trap
D:14:     layout_cave_pods, david_vaults_1, minivault_14
Temple:   lightli_temple_of_artemis
Lair:1:   layout_gridlike, gammafunk_ghost_split, minmay_lair_oklob_bushes,
          wad_woods_river_01
Lair:2:   layout_chaotic_city, serial_forest, infiniplex_forest_clump_tiny,
          infiniplex_forest_zigzag_1, infiniplex_forest_clump_curved,
          infiniplex_forest_fountain, infiniplex_forest_3_way,
          infiniplex_forest_lined_2, infiniplex_forest_clump_double,
          infiniplex_forest_clump_tiny, infiniplex_forest_straight_4,
          zaba_anthell
Lair:3:   layout_cave_pods, serial_bayou_shore_a
Lair:4:   layout_cave_pods, minmay_shoals_entry_hut,
          gammafunk_ghost_wrathful_warriors, serial_bayou_shore_b,
          grunt_megastairs_4
Lair:5:   layout_layer_cave, dpeg_slime_entry_enclosed_altar,
          portal_ice_cave_entry_animals_and_master, minmay_lair_oklob_chamber,
          grunt_megastairs_1, uniq_josephine, uniq_snorg
Lair:6:   gammafunk_lair_ancient_temple, layout_loops_ring
Shoals:1: layout_shoals, nicolae_shoals_flooded_hall
Shoals:2: layout_shoals
Shoals:3: layout_shoals, ebering_ghost_rock_garden, uniq_bai_suzhen
Orc:1:    layout_caves, serial_shops, nicolae_shop_stone,
          nicolae_shop_behind_doors, shop, shop_statue, shop, basic_altar,
          elf_legates, uniq_urug
Orc:2:    st_orc_open, layout_caves, uniq_erolcha
Elf:1:    layout_gridlike, mu_enter_wizlab_3, serial_shops,
          nicolae_shop_waterfront, minivault_28, chequers_big_river,
          minmay_shop_mayhem, drop_trap, hangedman_summoners_spam

Skill      XL: |  1  2  3  4  5  6  7  8  9 10 11 12 13 14 15 16 |
---------------+-------------------------------------------------+-----
Axes           | 2 3 4 5 6 8 12 14 16 18 | 18.2
Polearms       | 1 6 8 |  8.1
Shields        | 5 |  5.6
Fighting       | 5 10 | 10.1
Armour         | 6 11 14 | 14.0
Dodging        | 5 6 |  6.5
Translocations | 5 7 |  7.2

Action                   |  1- 3 |  4- 6 |  7- 9 | 10-12 | 13-15 | 16-18 || total
-------------------------+-------+-------+-------+-------+-------+-------++-------
Melee: War axe           |   110 |   227 |    85 |       |       |       ||   422
       Trident           |       |       |   251 |   705 |    46 |       ||  1002
       Broad axe         |       |       |       |       |   248 |       ||   248
       Executioner's axe |       |       |       |       |   635 |   224 ||   859
Throw: Dart              |       |       |       |       |     3 |       ||     3
 Cast: Blink             |       |       |       |       |     1 |     6 ||     7
Invok: Ancestor Life: Ba |       |       |     1 |       |       |       ||     1
       Ancestor Identity |       |       |     1 |       |       |       ||     1
       Recall Ancestor   |       |       |       |     1 |     6 |     2 ||     9
 Abil: Fly               |       |       |       |       |     1 |       ||     1
Evoke: Wand              |       |       |     2 |    25 |    20 |     9 ||    56
       Lightning rod     |       |       |       |    10 |     7 |       ||    17
  Use: Scroll            |       |     3 |     4 |     4 |    34 |     7 ||    52
       Potion            |       |       |     3 |     1 |    14 |     4 ||    22
 Stab: Distracted        |       |       |     2 |     2 |     8 |     3 ||    15
       Paralysed         |       |       |     4 |       |       |       ||     4
       Invisible         |       |       |       |       |     3 |       ||     3
       Confused          |       |       |       |       |     1 |       ||     1
  Eat: Chunk             |       |     6 |     2 |     8 |    13 |       ||    29
       Ration            |       |       |     2 |     2 |     7 |     2 ||    13
Armor: Scale mail        |    71 |   117 |   163 |   370 |   662 |   276 ||  1659
Dodge: Dodged            |    58 |   136 |   196 |   363 |   884 |   209 ||  1846
Block: Shield            |    59 |       |       |       |       |       ||    59
       Buckler           |       |       |    16 |   159 |    79 |       ||   254
       Other             |       |       |       |       |    28 |    74 ||   102
       Reflection        |       |       |       |       |       |     6 ||     6

Table legend:
 A = Non-vault XP
 B = Vault XP
 C = Vault XP percentage of total XP
 D = Non-vault monster count
 E = Vault monster count
 F = Vault count percentage of total count
                 A         B        C        D         E       F
            +---------+---------+-------+---------+---------+-------
      Total |  100890 |   71111 |  41.3 |     615 |     235 |  27.6
            +---------+---------+-------+---------+---------+-------
        D:1 |      59 |       6 |   9.2 |      25 |       4 |  13.8
        D:2 |      52 |     107 |  67.3 |      19 |      17 |  47.2
        D:3 |     124 |      24 |  16.2 |      14 |       1 |   6.7
        D:4 |     254 |       0 |   0.0 |      16 |       0 |   0.0
        D:5 |     870 |     169 |  16.3 |      34 |       1 |   2.9
        D:6 |    2298 |     197 |   7.9 |      30 |       1 |   3.2
        D:7 |    1030 |     122 |  10.6 |      19 |       1 |   5.0
        D:8 |    2051 |     480 |  19.0 |      29 |       1 |   3.3
        D:9 |    1840 |    3041 |  62.3 |      43 |       4 |   8.5
       D:10 |    2172 |     450 |  17.2 |      28 |       1 |   3.4
       D:11 |    1794 |     807 |  31.0 |      11 |       1 |   8.3
       D:12 |     559 |    1199 |  68.2 |      11 |      20 |  64.5
       D:13 |    9296 |       0 |   0.0 |      49 |       0 |   0.0
       D:14 |    6508 |    1136 |  14.9 |      30 |       3 |   9.1
     Lair:1 |    1489 |     700 |  32.0 |       9 |       2 |  18.2
     Lair:2 |    2216 |    3678 |  62.4 |      15 |      44 |  74.6
     Lair:3 |    1980 |       0 |   0.0 |       6 |       0 |   0.0
     Lair:4 |    4135 |     404 |   8.9 |      20 |       2 |   9.1
     Lair:5 |    4129 |    5418 |  56.8 |      14 |      14 |  50.0
     Lair:6 |    4491 |    8557 |  65.6 |      22 |      23 |  51.1
   Shoals:1 |   20034 |    4761 |  19.2 |      45 |       9 |  16.7
   Shoals:2 |   20280 |       0 |   0.0 |      45 |       0 |   0.0
   Shoals:3 |    1716 |       0 |   0.0 |       4 |       0 |   0.0
      Orc:1 |    4544 |   13779 |  75.2 |      45 |      27 |  37.5
      Orc:2 |    5865 |    9371 |  61.5 |      30 |      22 |  42.3
      Elf:1 |    1104 |       0 |   0.0 |       2 |       0 |   0.0
      IceCv |       0 |    2355 | 100.0 |       0 |       9 | 100.0
     WizLab |       0 |    9839 | 100.0 |       0 |      17 | 100.0
   Gauntlet |       0 |    4511 | 100.0 |       0 |      11 | 100.0
            +---------+---------+-------+---------+---------+-------
